 Dungeon Crawl Stone Soup version 0.30-a0-715-gdb4ae3ece1 (webtiles) character file.

Game seed: 2769249953285391254

1134 ASSMAN the Martial Artist (level 8, -6/58 HPs)
             Began as a Vine Stalker Monk on Jan 24, 2023.
             Mangled by a komodo dragon (18 damage)
             ... on level 6 of the Dungeon.
             The game lasted 00:05:36 (3392 turns).

ASSMAN the Martial Artist (Vine Stalker Monk)       Turns: 3392, Time: 00:05:36

Health: -6/58      AC: 24    Str: 15    XL:     8   Next: 36%
Magic:  0/16       EV:  2    Int: 10    God:
Gold:   181        SH:  0    Dex: 24    Spells: 16/17 levels left

rFire   . . .      SeeInvis .    n - +1 long sword (flame)
rCold   . . .      Faith    .    (no shield)
rNeg    . . .      Spirit   +    (body armour currently unavailable)
rPois   +          Reflect  .    (helmet currently unavailable)
rElec   .          Harm     .    (cloak currently unavailable)
rCorr   .          Rampage  .    (gloves currently unavailable)
Will    +....      NoTele   +    (boots currently unavailable)
Stlth   +++                      (no amulet)
HPRegen 1.09/turn                f - +6 ring of dexterity
MPRegen 0.15/turn                (no ring)

@: tree-form
A: stationary, stasis, torment immunity, boosted hp, (fangs 3), regeneration 1,
magic shield, (antimagic bite), no potion heal 2
a: no special abilities


You were on level 6 of the Dungeon.
You were a tree.
You visited 1 branch of the dungeon, and saw 6 of its levels.

You collected 181 gold pieces.

Inventory:

Hand Weapons
 n - a +1 long sword of flaming (weapon)
 s - the +4 arbalest "Ynepafyn" {drain, rN+ Will+ rCorr Stlth+}
   (You found it on level 4 of the Dungeon)

   rN:        It protects you from negative energy.
   rCorr:     It protects you from acid and corrosion.
   Will:      It increases your willpower.
   Stlth:     It makes you more stealthy.
Armour
 a - a +0 robe (melded)
 d - a +0 helmet (melded)
Jewellery
 f - a +6 ring of dexterity (left branch)
 j - a ring of ice
 u - a +4 ring of slaying
Wands
 v - a wand of flame (15)
Scrolls
 c - 6 scrolls of identify {unknown}
 e - 4 scrolls of teleportation {unknown}
 g - 3 scrolls of enchant weapon {unknown}
 h - a scroll of fog {unknown}
 i - 4 scrolls of noise {unknown}
 l - 2 scrolls of immolation {unknown}
 m - a scroll of fear {unknown}
 o - a scroll of acquirement {unknown}
 p - a scroll of vulnerability {unknown}
 r - a scroll of poison {unknown}
 t - a scroll of amnesia {unknown}
Potions
 b - a potion of ambrosia
 k - 2 potions of lignification
 q - a potion of might {unknown}


   Skills:
 - Level 2.6 Fighting
 - Level 2.4 Dodging
 - Level 2.4 Stealth
 * Level 8.6 Unarmed Combat
 + Level 5.2 Spellcasting


You had 16 spell levels left.
You knew the following spells:

 Your Spells              Type           Power      Damage    Failure   Level
a - Necrotise             Necr           8%         1d4       22%         1

Your spell library contained the following spells:

 Spells                   Type           Power      Damage    Failure   Level
 Apportation              Tloc           4%         N/A       22%         1
 Summon Small Mammal      Summ           8%         N/A       22%         1
 Cigotuvi's Dreadful Rot  Necr/Pois/Air  4%         N/A       34%         2
 Ensorcelled Hibernation  Hex/Ice        4%         N/A       34%         2
 Passwall                 Tmut/Erth      1%         N/A       34%         2
 Poisonous Vapours        Pois/Air       4%         N/A       34%         2
 Kindle Blastsparks       Fire/Tloc/Air  4%         2d10      56%         3
 Mephitic Cloud           Conj/Pois/Air  2%         N/A       56%         3
 Swiftness                Air            2%         N/A       56%         3
 Fulminant Prism          Conj/Hex       1%         3d5       92%         4
 Iskenderun's Mystic Bla  Conj/Tloc      2%         2d3       92%         4
 Lee's Rapid Deconstruct  Erth           1%         3d4*      99%         5


Dungeon Overview and Level Annotations

Branches:
Dungeon (6/15)
 Temple: D:4-7

Altars:
Elyvilon
Makhleb
Sif Muna
Yredelemnul

Shops:
D:5 :

Annotations:
D:4 1 runed translucent door, baller8008's ghost, amateur MiFi


Innate Abilities, Weirdness & Mutations

You are a tree.
Your roots penetrate the ground, keeping you stationary.
You cannot be teleported.
You are immune to unholy pain and torment.
Your maximum health is greatly increased.
Your equipment is partially melded.
((You have razor-sharp teeth.))
Your natural rate of healing is unusually fast.
When hurt, damage is shared between your health and your magic reserves.
((Your bite disrupts and absorbs the magic of your enemies.))
Potions cannot restore your health.


Message History

The gnoll sergeant barely misses you.
The gnoll sergeant hits you from afar with a +0 trident.
You shoot a bolt. The bolt hits the gnoll sergeant!
You kill the gnoll sergeant!
HP restored.
Magic restored.
Found an escape hatch in the ceiling.
Found 6 stones.
An adder comes into view.
You see here 11 gold pieces.
An adder is nearby!
You shoot a bolt. The bolt hits the adder!!
You kill the adder!
No target in view!
You now have 181 gold pieces (gained 11).
A komodo dragon comes into view.
You shoot a bolt. The bolt hits the komodo dragon!
The komodo dragon hisses angrily.
The komodo dragon is lightly wounded.
A komodo dragon is nearby!
You shoot a bolt.
The bolt barely misses the komodo dragon.
You shoot a bolt.
The bolt barely misses the komodo dragon.
Your +1 long sword of flaming bursts into flame!
n - a +1 long sword of flaming (weapon)
You barely miss the komodo dragon.
You bite the komodo dragon, but do no damage.
The komodo dragon is lightly wounded.
The komodo dragon bites you!! The komodo dragon bites you.
You hit the komodo dragon but do no damage.
Your bite misses the komodo dragon.
The komodo dragon is lightly wounded.
The komodo dragon bites you!
* * * LOW HITPOINT WARNING * * *
Really quaff the potion of lignification?
You turn into a tree.
Your +0 helmet melds into your body.
Your +0 robe melds into your body.
Your roots penetrate the ground.
The komodo dragon bites you!!
You die...

#####...###
#########[..#.<†... .###
##.#....##.......##. .....
##............).)....
.(....#............)...>...
...........................
......................<....
...........................
..........♣........###.....
..........l......##.. .....
..................... ##
.......##.........$.
.####.# #.....##..<. ...
......# . .. .......
....###..


You could see a komodo dragon.

Vanquished Creatures
  Grinder (D:3)
  2 centaurs (D:5)
  A phantom (D:5)
  A bullfrog (D:6)
  A gnoll sergeant (D:6)
  A necrophage (D:5)
  A howler monkey (D:4)
  3 hounds
  An orc priest (D:4)
  A gnoll bouda (D:5)
  4 iguanas
  2 orc wizards (D:4)
  4 gnolls
  6 adders
  A white imp (D:5)
  A worm (D:2)
  A dart slug (D:2)
  7 orcs
  6 bats
  11 endoplasms
  2 giant cockroaches (D:4)
  9 goblins
  4 hobgoblins
  3 quokkas
  4 ball pythons
  3 frilled lizards
  2 kobolds
  6 rats
89 creatures vanquished.

Notes
Turn   | Place    | Note
-------+----------+-------------------------------------------
     0 | D:1      | ASSMAN the Vine Stalker Monk began the quest for the Orb.
     0 | D:1      | Reached XP level 1. HP: 11/11 MP: 2/2
   106 | D:1      | Reached XP level 2. HP: 16/16 MP: 3/3
   230 | D:1      | Learned a level 1 spell: Necrotise
   800 | D:2      | Reached skill level 4 in Unarmed Combat
   800 | D:2      | Reached XP level 3. HP: 19/19 MP: 4/4
   910 | D:2      | Reached skill level 1 in Spellcasting
  1199 | D:3      | Gained mutation: Your natural rate of healing is unusually
                  | fast. [Vine Stalker growth]
  1199 | D:3      | Reached XP level 4. HP: 23/23 MP: 5/7
  1239 | D:3      | Noticed Grinder
  1240 | D:3      | Paralysed by Grinder for 3 turns
  1246 | D:3      | Killed Grinder
  1247 | D:3      | Reached skill level 5 in Unarmed Combat
  1247 | D:3      | Reached XP level 5. HP: 23/27 MP: 6/10
  1247 | D:3      | Reached XP level 6. HP: 27/32 MP: 6/11
  1288 | D:3      | Reached skill level 6 in Unarmed Combat
  1393 | D:3      | Found a shimmering blue altar of Sif Muna.
  1396 | D:3      | Found a white marble altar of Elyvilon.
  1871 | D:4      | Found a runed translucent door.
  1872 | D:4      | Noticed baller8008's ghost (amateur MiFi)
  1898 | D:4      | Identified the +4 arbalest "Ynepafyn" {drain, rN+ Will+
                  | rCorr Stlth+}
  1909 | D:4      | Found a basalt altar of Yredelemnul.
  2274 | D:4      | Reached XP level 7. HP: 33/35 MP: 9/13
  2306 | D:4      | Reached skill level 7 in Unarmed Combat
  2342 | D:4      | Found a burning altar of Makhleb.
  2569 | D:5      | Entered Level 5 of the Dungeon
  2715 | D:5      | Found Duenaykk's Book Shoppe.
  3045 | D:5      | Gained mutation: You have razor-sharp teeth. [Vine Stalker
                  | growth]
  3045 | D:5      | Reached XP level 8. HP: 29/39 MP: 14/16
  3072 | D:5      | Reached skill level 8 in Unarmed Combat
  3350 | D:6      | Reached skill level 5 in Spellcasting
  3385 | D:6      | Noticed a komodo dragon
  3392 | D:6      | Mangled by a komodo dragon

Illustrated notes

Levels and vault maps discovered:
D:1:      dpeg_arrival_concentric_ovals, layout_basic
D:2:      layout_basic, st_stairs_12
D:3:      minmay_chambers_of_threes, layout_rooms,
          chequers_temple_overflow_statue_of_worship, uniq_grinder
D:4:      layout_rooms, nicolae_overflow_hidden_temple,
          makhleb_blood_cavern_becter, serial_rivers,
          chequers_serial_rivers_large_a, chequers_serial_rivers_room_a,
          chequers_serial_rivers_micro_a, chequers_serial_rivers_small_3,
          chequers_serial_rivers_small_a, chequers_serial_rivers_large_b,
          ebering_ghost_reflecting_pool, item_on_display_a
D:5:      layout_basic, serial_shops, nicolae_shop_hallway_stairs, st_stairs_12,
          kennysheep_dice
D:6:      layout_cave_pools, dilly_guarded_unrand_morg, uniq_maggie,
          uniq_crazy_yiuf_cottage, uniq_edmund

Skill      XL: |  1  2  3  4  5  6  7  8 |
---------------+-------------------------+-----
Unarmed Combat | 4 5 6 7 8 |  8.6
Spellcasting   | 1 3 4 5 |  5.2
Fighting       | |  2.6
Dodging        | |  2.4
Stealth        | |  2.4

Action                     |  1- 3 |  4- 6 |  7- 9 || total
---------------------------+-------+-------+-------++-------
  Melee: Unarmed           |    45 |       |       ||    45
         Bite              |    17 |    15 |    12 ||    44
         Punch             |     1 |     3 |     4 ||     8
         Long sword        |    13 |    62 |    46 ||   121
   Fire: Arbalest          |       |       |    30 ||    30
    Use: Potion            |       |       |     2 ||     2
   Stab: Sleeping          |     8 |     2 |       ||    10
 Armour: Robe              |     8 |    17 |    20 ||    45
         Skin              |       |       |    23 ||    23
  Dodge: Dodged            |    28 |    50 |    50 ||   128

Table legend: (Time is in decaauts)
 A = Elapsed time spent in this place.
 B = Non-inter-level travel time spent in this place.
 C = Inter-level travel time spent in this place.
 D = Time resting spent in this place.
 E = Time spent auto-exploring this place.
 F = Levels seen in this place.
 G = Mean time per level.
                   A        B        C        D        E       F      G
               +--------+--------+--------+--------+--------+-----+--------+
         Total |   3512 |   3340 |    172 |    112 |   2603 |   6 |  585.3 |
       Dungeon |   3512 |   3340 |    172 |    112 |   2603 |   6 |  585.3 |
               +--------+--------+--------+--------+--------+-----+--------+

Top non-repeatable levels by time:
     D:4: 1017 daAuts
     D:5: 794 daAuts
     D:2: 666 daAuts
     D:3: 507 daAuts
     D:1: 464 daAuts
     D:6: 63 daAuts
